 Dungeon Crawl Stone Soup version 0.16.0-14-g63f578d (webtiles) character file.

282 StephenWHawking the Sneak (level 6, -1/72 HPs)
             Began as a Demonspawn Berserker on Mar 18, 2015.
             Was an Elder of Trog.
             Slain by a phantom (7 damage)
             ... on level 4 of the Dungeon.
             The game lasted 00:17:26 (2488 turns).

StephenWHawking the Sneak (Demonspawn Berserker)    Turns: 2488, Time: 00:17:27

Health: -1/72      AC:  4    Str: 23    XL:     6   Next: 6%
Magic:  15/15      EV: 12    Int:  9    God:    Trog [****..]
Gold:   148        SH:  0    Dex: 15    Spells: 0 memorised, 5 levels left

rFire  . . .     SeeInvis .     a - +0 short sword
rCold  . . .     Clarity  .     n - +0 leather armour
rNeg   . . .     SustAb   .     (no shield)
rPois  .         Gourm    .     (helmet restricted)
rElec  .         Spirit   .     (no cloak)
rCorr  .         Warding  .     l - +0 pair of gloves
rMut   .         Stasis   .     (no boots)
MR     .....                    (no amulet)
Stlth  ..........               p - ring of magical power
                                d - ring of flight

@: berserking, very quick, not resistant to hostile enchantments, extremely
unstealthy
A: horns 2, thin skeletal structure 1
a: Burn Spellbooks, Berserk, Trog's Hand, Brothers in Arms, Renounce Religion,
Evoke Flight


You were on level 4 of the Dungeon.
You worshipped Trog.
Trog was greatly pleased with you.
You were not hungry.

You visited 1 branch of the dungeon, and saw 4 of its levels.
You also visited: Sewer.

You collected 148 gold pieces.

Inventory:

Hand weapons
 a - a +0 short sword (weapon)
Armour
 l - a +0 pair of gloves (worn)
 n - a +0 leather armour (worn)
Magical staves
 t - an uncursed staff of fire {unknown}
Jewellery
 b - an uncursed ring of protection from fire
 d - a ring of flight (left hand)
 p - a ring of magical power (right hand)
 s - an uncursed ring of flight
Scrolls
 e - 5 scrolls of enchant weapon {unknown}
 f - a scroll of recharging {unknown}
 j - 2 scrolls of magic mapping {unknown}
 k - a scroll of teleportation {unknown}
 o - a scroll of amnesia {unknown}
 q - 2 scrolls of identify
 r - a scroll of remove curse {unknown}
 v - 3 scrolls of fear {unknown}
Potions
 g - a potion of cancellation {unknown}
 h - 3 potions of restore abilities {unknown}
 i - 4 potions of curing {unknown}
 u - a potion of brilliance {unknown}
 w - a potion of heal wounds {unknown}
Comestibles
 c - 2 bread rations
 m - a meat ration


   Skills:
 * Level 4.2 Fighting
 * Level 3.6 Short Blades
 - Level 1.7 Armour
 - Level 1.7 Dodging
 + Level 4.3 Stealth
 + Level 0.7 Evocations


You had 5 spell levels left.
You didn't know any spells.

Dungeon Overview and Level Annotations

Branches:
Dungeon (4/15)
 Temple: D:4-7

Altars:
Ashenzari
Gozag
Xom


Innate Abilities, Weirdness & Mutations

You have a pair of horns on your head.
You have a somewhat thin skeletal structure (Dex +2, Stealth).


Message History

The phantom is severely damaged.
The phantom blinks!
The phantom hits you!
You barely miss the phantom.
The phantom is severely damaged.
The phantom hits you.
* * * LOW HITPOINT WARNING * * *
You hit the phantom but do no damage.
You headbutt the phantom, but do no damage.
The phantom is severely damaged.
The phantom hits you but does no damage.
You barely miss the phantom. Your headbutt misses the phantom.
The phantom is severely damaged.
The phantom hits you!
* * * LOW HITPOINT WARNING * * *
Use which ability? (? or * to list)
A red film seems to cover your vision as you go berserk!
You feel yourself moving faster!
You feel mighty!
You feel quite a bit more hungry. The phantom hits you!
You die...

.....# #..#
.......###..#
.........# .......#
#....# #####...## ##
##........##
...####..W.......#
..........@....##...#
.%..............# ##.
................#
g................#
..(.........)....#
.................#
..(.............#
................#
..)...............#


You could see a phantom.

Vanquished Creatures
  A big kobold (Sewer)
  A hound (D:4)
  9 adders
  A river rat (Sewer)
  2 worms
  3 giant geckos
  An ooze (D:2)
  4 orcs (D:3)
  9 bats
  4 giant cockroaches
  6 goblins
  5 hobgoblins
  9 jackals
  3 quokkas
  A ball python (D:3)
  5 giant newts
  18 kobolds
  8 rats
90 creatures vanquished.

Notes
Turn   | Place    | Note
--------------------------------------------------------------
     0 | D:1      | StephenWHawking, the Demonspawn Berserker, began the quest for the Orb.
     0 | D:1      | Reached XP level 1. HP: 18/18 MP: 1/1
   211 | D:1      | Reached skill level 1 in Stealth
   233 | D:1      | Gained mutation: You have a pair of small horns on your head. [demonic ancestry]
   233 | D:1      | Reached XP level 2. HP: 24/24 MP: 2/2
   566 | D:1      | Acquired Trog's second power
   804 | D:1      | Gained mutation: You have a somewhat thin skeletal structure (Dex +2, Stealth). [demonic ancestry]
   804 | D:1      | Reached XP level 3. HP: 26/29 MP: 3/3
   941 | D:2      | Found a shimmering altar of Xom.
  1045 | D:2      | Found an opulent altar of Gozag.
  1323 | D:2      | Found a shattered altar of Ashenzari.
  1490 | D:2      | Gained mutation: You have a pair of horns on your head. [demonic ancestry]
  1490 | D:2      | Reached XP level 4. HP: 33/35 MP: 4/4
  1794 | D:3      | Found a glowing drain.
  1821 | Sewer    | Entered a sewer
  1826 | Sewer    | Acquired Trog's third power
  1830 | Sewer    | Reached skill level 4 in Stealth
  1916 | Sewer    | Noticed a big kobold
  1944 | Sewer    | Killed a big kobold
  1944 | Sewer    | Reached XP level 5. HP: 34/41 MP: 5/5
  1978 | Sewer    | Found a glowing silver altar of Zin.
  2446 | D:4      | Reached XP level 6. HP: 26/48 MP: 6/6
  2455 | D:4      | Noticed a phantom
  2488 | D:4      | Slain by a phantom

Action                   |  1- 3 |  4- 6 || total
-------------------------+-------+-------++-------
Melee: Short sword       |   117 |   126 ||   243
Invok: Trog's Hand       |       |     3 ||     3
       Berserk           |       |     1 ||     1
 Abil: Evoke Flight      |       |     1 ||     1
  Use: Scroll            |     2 |       ||     2
 Stab: Distracted        |     1 |       ||     1
       Sleeping          |     5 |     2 ||     7
  Eat: Bread ration      |     1 |     1 ||     2
